 Dungeon Crawl Stone Soup version 0.19-a0-1008-g4c63d25 (webtiles) character file.

1668 epen the Firebug (level 9, -5/52 HPs)
             Began as a Tengu Fire Elementalist on July 22, 2016.
             Slain by Duvessa
             ... wielding a +5 short sword of speed
              (7 damage)
             ... on level 7 of the Dungeon.
             The game lasted 00:17:13 (7352 turns).

epen the Firebug (Tengu Fire Elementalist)          Turns: 7352, Time: 00:17:13

Health: -5/52      AC:  4    Str: 10    XL:     9   Next: 1%
Magic:  15/19      EV: 14    Int: 18    God:
Gold:   310        SH:  0    Dex: 14    Spells: 4 memorised, 11 levels left

rFire  + . .     SeeInvis .     q - +1 dagger (venom)
rCold  . . .     Gourm    .     y - +1 robe {rF+}
rNeg   . . .     Faith    .     (no shield)
rPois  +         Spirit   .     (helmet restricted)
rElec  .         Dismiss  .     D - +0 cloak
rCorr  .         Reflect  .     (no gloves)
SustAt .         Harm     .     (boots unavailable)
MR     .....                    (no amulet)
Stlth  ++........               (no ring)
                                z - ring of poison resistance

@: about to teleport, not resistant to hostile enchantments, unstealthy
A: beak, talons 3, able to fly 1
a: Fly


You were on level 7 of the Dungeon.
You were not hungry.

You visited 2 branches of the dungeon, and saw 8 of its levels.

You collected 310 gold pieces.

Inventory:

Hand Weapons
 g - a -2 short sword
 h - a +0 dagger
 m - a +1 dagger of speed
 q - a +1 dagger of venom (weapon)
 t - the +4 Vampire's Tooth {vamp}
   (You found it on level 6 of the Dungeon)

   It inflicts no extra harm, but heals its wielder somewhat when it strikes a
   living foe.
Armour
 a - a +0 robe
 y - a +1 robe of fire resistance (worn)
 D - a +0 cloak (worn)
Jewellery
 f - an uncursed ring of stealth
 z - a ring of poison resistance (left hand)
Wands
 o - a wand of teleportation (3/9)
 G - a wand of enslavement (9/24)
Scrolls
 e - a scroll of enchant weapon
 i - 4 scrolls of identify
 j - a scroll of random uselessness
 r - a scroll of remove curse
 s - a scroll of teleportation
Potions
 k - a potion of berserk rage {unknown}
 l - a potion of flight {unknown}
 u - a potion of might {unknown}
 w - a potion of magic {unknown}
 x - 3 potions of agility {unknown}
 A - 2 potions of ambrosia {unknown}
 B - a potion of haste {unknown}
Books
 b - a book of Flames

   Spells                             Type                      Level
   a - Flame Tongue                   Conjuration/Fire             1
   b - Throw Flame                    Conjuration/Fire             2
   c - Conjure Flame                  Conjuration/Fire             3
   d - Inner Flame                    Hexes/Fire                   3
   e - Sticky Flame                   Conjuration/Fire             4
   f - Fireball                       Conjuration/Fire             5
 F - a book of the Tempests

   Spells                             Type                      Level
   a - Static Discharge               Conjuration/Air              3
   b - Lightning Bolt                 Conjuration/Air              5
   c - Fireball                       Conjuration/Fire             5
   d - Tornado                        Air                          9
   e - Shatter                        Earth                        9
Comestibles
 c - a bread ration
 d - 2 royal jellies
 n - 2 meat rations


   Skills:
 + Level 4.0 Fighting
 + Level 4.8 Dodging
 - Level 2.0 Stealth
 * Level 6.0 Spellcasting
 + Level 5.7 Conjurations
 * Level 6.9 Fire Magic


You had 11 spell levels left.
You knew the following spells:

 Your Spells              Type           Power        Failure   Level  Hunger
a - Flame Tongue          Conj/Fire      ####.        1%          1    None
b - Throw Flame           Conj/Fire      ####..       1%          2    None
c - Conjure Flame         Conj/Fire      ####....     2%          3    ##.....
d - Inner Flame           Hex/Fire       ###.....     12%         3    ##.....


Dungeon Overview and Level Annotations

Branches:
Dungeon (7/15)             Temple (1/1) D:6

Altars:
Ashenzari
Cheibriados
Gozag
Hepliaklqana
Makhleb
Nemelex Xobeh
Okawaru
Pakellas
Qazlal
Ru
Sif Muna
Trog
Uskayaw
Yredelemnul
Zin
The Shining One

Shops:
D:4 (

Annotations:
D:7 Duvessa


Innate Abilities, Weirdness & Mutations

You have a beak for a mouth.
You have claws for feet.
You can fly.


Message History

Press: ? - help, Shift-Dir - straight line, f/p - Duvessa
Aim: Duvessa, wielding a short sword of speed (berserk, fast, unusually strong)
The flame tongue hits Duvessa.
Duvessa is lightly wounded.
Duvessa misses you. Duvessa closely misses you.
Okay, then.
As you read the scroll of teleportation, it crumbles to dust.
You feel strangely unstable.
Duvessa hits you with a short sword of speed!
* * * LOW HITPOINT WARNING * * *
Unknown command.
You feel better.
Duvessa hits you with a short sword of speed!
* * * LOW HITPOINT WARNING * * *
Duvessa misses you.
You feel better.
Duvessa hits you with a short sword of speed.
* * * LOW HITPOINT WARNING * * *
Duvessa hits you with a short sword of speed!
You die...

#.#..#.(......#
#.#..#.#..###.#
#......#..###.#
###....#......#
....[..........#
..(.###..#..##..#######
.... #..##....[.......
... #.....###)######
... +.......###@#.#####
###.......e.......#
#...#...###.#.#.#$#
#.###...# #.#... #
#.>.# #.# #.# ##... ...
.# .... ..# # #.# ..#


You could see Duvessa (berserk).

Vanquished Creatures
  Pikel (D:6)
  A water moccasin (D:5)
  An orc warrior (D:6)
  A sky beast (D:6)
  A slave (D:5)
  An ogre (D:6)
  A centaur (D:6)
  Dowan (D:7)
  2 vampire bats (D:5)
  4 orc wizards
  Crazy Yiuf (D:4)
  An orc priest (D:4)
  3 hounds (D:6)
  Ijyb (D:3)
  An iguana (D:5)
  4 worker ants
  Robin (D:2)
  2 adders
  A shadow imp (D:5)
  2 oozes
  2 adder skeletons (D:4)
  4 worms
  A dart slug (D:1)
  6 giant geckos
  29 orcs
  3 ball pythons
  3 giant cockroaches
  16 goblins
  18 hobgoblins
  7 jackals
  4 kobolds
  A quokka (D:3)
  11 bats
  4 giant newts
  6 rats
146 creatures vanquished.

Vanquished Creatures (others)
  A crimson imp (D:6)
  A jelly (D:6)
  A hound skeleton (D:6)
  3 gnolls (D:6)
  4 orcs (D:6)
  A bat (D:6)
11 creatures vanquished.

Grand Total: 157 creatures vanquished

Notes
Turn   | Place    | Note
-------+----------+-------------------------------------------
     0 | D:1      | epen the Tengu Fire Elementalist began the quest for the Orb.
     0 | D:1      | Reached XP level 1. HP: 10/10 MP: 4/4
    69 | D:1      | Reached XP level 2. HP: 8/16 MP: 4/6
    74 | D:1      | Learned a level 2 spell: Throw Flame
   339 | D:1      | Found a sparkling altar of Nemelex Xobeh.
   350 | D:1      | Reached skill level 1 in Fighting
   436 | D:1      | Reached XP level 3. HP: 9/20 MP: 0/7
  1109 | D:2      | Learned a level 3 spell: Conjure Flame
  1173 | D:2      | Reached XP level 4. HP: 18/25 MP: 1/8
  1238 | D:2      | Noticed Robin
  1285 | D:2      | Killed Robin
  2183 | D:3      | Found a faded altar of an unknown god.
  2195 | D:3      | Gained mutation: You can fly. [Tengu growth]
  2195 | D:3      | Reached XP level 5. HP: 30/30 MP: 0/10
  2277 | D:3      | Learned a level 3 spell: Inner Flame
  2284 | D:3      | Found a deep blue altar of Sif Muna.
  2315 | D:3      | Noticed Ijyb
  2344 | D:3      | Killed Ijyb
  2606 | D:3      | Found a shattered altar of Ashenzari.
  3160 | D:4      | Reached XP level 6. HP: 18/35 MP: 3/12
  4033 | D:4      | Found Corraacw's Weapon Shop.
  4286 | D:4      | Found a runed door.
  4534 | D:4      | Noticed Crazy Yiuf
  4607 | D:4      | Killed Crazy Yiuf
  4698 | D:5      | Entered Level 5 of the Dungeon
  4741 | D:5      | Noticed a water moccasin
  4741 | D:5      | Reached skill level 5 in Fire Magic
  4741 | D:5      | Reached XP level 7. HP: 38/40 MP: 4/14
  5302 | D:5      | Found an iron altar of Okawaru.
  5361 | D:5      | Found a stormy altar of Qazlal.
  5869 | D:6      | Noticed Pikel
  6108 | D:6      | Killed Pikel
  6108 | D:6      | Reached skill level 5 in Spellcasting
  6108 | D:6      | Reached skill level 5 in Conjurations
  6108 | D:6      | Reached XP level 8. HP: 47/47 MP: 1/17
  6244 | D:6      | Found a staircase to the Ecumenical Temple.
  6270 | Temple   | Entered the Ecumenical Temple
  7333 | D:7      | Noticed Dowan
  7344 | D:7      | Noticed Duvessa
  7346 | D:7      | Killed Dowan
  7346 | D:7      | Reached XP level 9. HP: 43/52 MP: 17/19
  7351 | D:7      | HP: 2/52 [Duvessa/short sword of speed (9)]
  7352 | D:7      | Slain by Duvessa

Vault maps used:
D:1:      minmay_arrival_stone_box, st_stairs_3,
          nemelex_xobeh_ov_fountains_minmay
D:2:      serial_bayou_lake_a, uniq_robin
D:3:      evilmike_ruin_ashenzari, nicolae_overflow_crystal_walls,
          ecumenical_altar_2, first_bread, uniq_iyjb
D:4:      serial_shops, shop_fountains, uniq_crazy_yiuf_cottage
D:5:      old_standard_altar, basic_altar, kennysheep_windowed_goal
D:6:      minmay_guarded_unrand_vampires_tooth, uniq_pikel
D:7:      enter_bailey_2, uniq_duvessa
Temple:   minmay_temple_forest_path

Skill      XL: |  1  2  3  4  5  6  7  8 |
---------------+-------------------------+-----
Fighting       | 1 2 3 4 |  4.0
Conjurations   | 2 3 5 |  5.7
Fire Magic     | 4 5 6 |  6.9
Spellcasting   | 3 4 5 6 |  6.0
Dodging        | 3 4 |  4.8
Stealth        | |  2.0

Action                   |  1- 3 |  4- 6 |  7- 9 || total
-------------------------+-------+-------+-------++-------
Melee: Unarmed           |    35 |       |       ||    35
       Kick              |    16 |    25 |    29 ||    70
       Peck              |     7 |    20 |    20 ||    47
       Dagger            |    34 |   162 |   132 ||   328
 Cast: Flame Tongue      |    40 |   110 |    48 ||   198
       Conjure Flame     |     1 |    11 |     3 ||    15
       Throw Flame       |       |     2 |       ||     2
       Inner Flame       |       |     2 |     2 ||     4
  Use: Potion            |       |     2 |     4 ||     6
       Scroll            |       |       |     9 ||     9
 Stab: Sleeping          |     2 |     6 |     2 ||    10
  Eat: Chunk             |       |    14 |     1 ||    15
       Pizza             |       |       |     2 ||     2
       Beef jerky        |       |       |     1 ||     1
       Bread ration      |       |       |     1 ||     1
Armor: Robe              |    27 |    12 |    57 ||    96
Dodge: Dodged            |    64 |   107 |   180 ||   351
